 Dungeon Crawl Stone Soup version 0.19-a0-1732-g0b18a7b (webtiles) character file.

496083 Amnesiac the Imperceptible (level 23, 0/144 HPs)
             Began as a Deep Elf Earth Elementalist on Sept 30, 2016.
             Was an Initiate of Gozag.
             Slain by an Orb Guardian (35 damage)
             ... on level 5 of the Realm of Zot.
             The game lasted 04:07:27 (78468 turns).

Amnesiac the Imperceptible (DEEE)                  Turns: 78468, Time: 04:07:27

Health: 0/144      AC: 19    Str:  8    XL:     23   Next: 67%
Magic:  0/62       EV: 35    Int: 31    God:    Gozag
Gold:   7981       SH: 10    Dex: 29    Spells: 20 memorised, 11 levels left

rFire  + + +     SeeInvis +     w - +6 quick blade of Laceration {freeze, rElec rN+ Int+2}
rCold  + . .     Gourm    .     Y - +2 robe {Archmagi}
rNeg   + . .     Faith    .     D - +3 buckler {rC+}
rPois  +         Spirit   +     P - +2 helmet {Int+3}
rElec  +         Dismiss  .     p - +2 cloak {MR+}
rCorr  .         Reflect  .     b - +0 pair of gloves "Ryfiumokk" {Slay+2 Stlth+}
MR     +++..     Harm     .     o - +2 pair of boots {run}
Stlth  ++++++++++ Clarity  +    q - amulet "Esamocog" {Spirit rPois rF+ Stlth+}
                                O - ring of see invisible
                                j - ring of Ciwek {*Corrode rF++ MP+9 Dex+2 Stlth+}

@: mighty, agile, gold aura, studying Translocations, quick
A: hooves 1, repulsion field 1, molten scales 1, clarity, clever 1, mutation
resistance 1, weak 1, MP-powered wands
a: Potion Petition, Call Merchant, Bribe Branch, Renounce Religion
}: 3/15 runes: serpentine, barnacled, slimy


You were on level 5 of the Realm of Zot.
You worshipped Gozag.
Gozag was greatly pleased with you.
You were near starving.

You visited 10 branches of the dungeon, and saw 50 of its levels.
You also visited: Labyrinth, Ice Cave and Volcano.

You collected 23521 gold pieces.
You spent 3986 gold pieces at shops.
You paid 11554 gold pieces to Gozag.

Inventory:

Hand Weapons
 w - the +6 quick blade of Laceration (weapon) {freeze, rElec rN+ Int+2}
   (You found it in an ice cave)

   It has been specially enchanted to freeze those struck by it, causing extra
   injury to most foes and up to half again as much damage against particularly
   susceptible opponents.
   It can also slow down cold-blooded creatures.
   It affects your intelligence (+2).
   It insulates you from electricity.
   It protects you from negative energy.
Armour
 b - the +0 pair of gloves "Ryfiumokk" (worn) {Slay+2 Stlth+}
   (You found it on level 3 of the Elven Halls)

   It affects your accuracy and damage with ranged weapons and melee attacks
   (+2).
   It makes you more stealthy.
 o - a +2 pair of boots of running (worn)
 p - a +2 cloak of magic resistance (worn)
 D - a +3 buckler of cold resistance (worn)
 P - a +2 helmet of intelligence (worn)
 Y - a +2 robe of the Archmagi (worn)
Magical Staves
 U - an uncursed staff of earth
Jewellery
 h - the ring "Bicaply" {EV+2 Int+3}
   (You found it on level 15 of the Dungeon)

   [ring of evasion]

   It affects your evasion (+2).
   It affects your intelligence (+3).
 j - the ring of Ciwek (left hand) {*Corrode rF++ MP+9 Dex+2 Stlth+}
   (You bought it in a shop on level 1 of the Snake Pit)

   [ring of magical power]

   It affects your dexterity (+2).
   It greatly protects you from fire.
   It affects your magic capacity (+9).
   It may corrode you when you take damage.
   It makes you more stealthy.
 q - the amulet "Esamocog" (around neck) {Spirit rPois rF+ Stlth+}
   (You bought it in a shop on level 1 of the Snake Pit)

   [amulet of guardian spirit]

   It causes incoming damage to be split between your health and magic.
   It protects you from fire.
   It protects you from poison.
   It makes you more stealthy.
 B - an uncursed ring of wizardry
 O - a ring of see invisible (right hand)
Wands
 k - a wand of digging (10/24)
 L - a wand of heal wounds (7/9)
 S - a wand of teleportation (6/9)
Scrolls
 d - a scroll of fear
 e - a scroll of blinking
 f - a scroll of enchant armour
 i - 10 scrolls of teleportation
 r - 11 scrolls of remove curse
 u - 5 scrolls of enchant weapon
 v - 17 scrolls of identify
 x - 4 scrolls of brand weapon
 y - 8 scrolls of recharging
 A - a scroll of magic mapping
 E - 2 scrolls of amnesia
 H - a scroll of holy word
 J - a scroll of summoning
 M - 9 scrolls of fog
Potions
 c - 4 potions of cure mutation
 g - a potion of resistance
 l - a potion of might
 s - 6 potions of heal wounds
 t - 18 potions of curing
 z - 6 potions of agility
 C - 4 potions of brilliance
 K - a potion of cancellation
 R - 2 potions of haste
 X - 2 potions of magic
Books
 a - a manual of Translocations
Miscellaneous
 V - 2 sacks of spiders
Comestibles
 m - a beef jerky
 n - 8 bread rations
 F - a meat ration


   Skills:
 - Level 15.1 Fighting
 - Level 8.0 Short Blades
 + Level 13.8 Armour
 - Level 14.0 Dodging
 - Level 24.0 Stealth
 - Level 4.1 Shields
 - Level 24.0 Spellcasting
 - Level 11.0 Hexes
 - Level 8.0 Transmutations
 - Level 15.0 Earth Magic
 - Level 5.0 Evocations


You had 11 spell levels left.
You knew the following spells:

 Your Spells              Type           Power        Failure   Level  Hunger
a - Repel Missiles        Chrm/Air       ######       1%          2    None
b - Blink                 Tloc           N/A          1%          2    None
c - Invisibility          Hex            ########     1%          6    None
d - Confuse               Hex            ########     1%          3    None
e - Petrify               Tmut/Erth      ########     1%          4    None
f - Lee's Rapid Deconstr  Erth           ########..   1%          5    None
g - Passage of Golubria   Tloc           N/A          10%         4    None
h - Apportation           Tloc           ######....   1%          1    None
i - Summon Butterflies    Summ           ######..     1%          1    None
j - Alistair's Intoxicat  Tmut/Pois      #######.     4%          5    None
k - Spectral Weapon       Hex/Chrm       #######.     1%          3    None
l - Swiftness             Chrm/Air       ######..     1%          2    None
m - Dazzling Spray        Conj/Hex       ######       1%          3    None
n - Tukima's Dance        Hex            ########     1%          3    None
o - Infusion              Chrm           ####         1%          1    None
p - Darkness              Hex            ########..   1%          6    None
q - Confusing Touch       Hex            ######       0%          1    None
r - Regeneration          Chrm/Necr      ######....   1%          3    None
s - Sublimation of Blood  Necr           ######....   1%          2    None
v - Passwall              Tmut/Erth      ########..   0%          2    None


Dungeon Overview and Level Annotations

Branches:
Dungeon (15/15)            Temple (1/1) D:4            Lair (6/6) D:10
 Shoals (4/4) Lair:2        Snake (4/4) Lair:4        Slime (5/5) Lair:5
    Orc (2/2) D:12            Elf (3/3) Orc:2        Vaults (0/5) D:14
 Depths (5/5) D:15            Zot (5/5) Depths:5

Altars:
Ashenzari
Cheibriados
Dithmenos
Elyvilon
Fedhas
Gozag
Hepliaklqana
Kikubaaqudgha
Makhleb
Nemelex Xobeh
Okawaru
Qazlal
Ru
Sif Muna
Trog
Uskayaw
Vehumet
Xom
Yredelemnul
Zin
The Shining One
Beogh
Jiyva
Lugonu

Shops:
D:14 *   Orc:2 [[([(!?   Elf:2 }=}   Shoals:3 *   Snake:1 =**   Snake:4 [
Depths:1 *

Portals:
Hell: Depths:1 Depths:3
Abyss: Depths:4
Pandemonium: Depths:1

Annotations:
Depths:5 exclusions: draconian caller and 3 draconian zealots
Zot:1 exclusions: moth of wrath and shadow dragon
Zot:3 exclusions: 15 doors, storm dragon and tentacled monstrosity
Zot:5 1 exclusion


Innate Abilities, Weirdness & Mutations

You have large cloven feet.
You are surrounded by a mild repulsion field. (EV +2)
You are partially covered in molten scales. (AC +2)
You possess an exceptional clarity of mind.
Your mind is acute. (Int +2)
You are somewhat resistant to further mutation.
You are weak. (Str -2)
You expend magic power (3 MP) to strengthen your wands.


Message History

You hear a distant "Zot"!
The Orb Guardian completely misses you.
Unknown command.
Casting: Petrify
Confirm with . or Enter, or press ? or * to list all spells.
Aiming: Petrify
Press: ? - help, Shift-Dir - straight line, f/p - Orb Guardian
Aim: an Orb Guardian (chance to defeat MR: 13%)
You feel a surge of power!
The Orb Guardian resists with almost no effort.
The Orb Guardian hits you!!
* * * LOW HITPOINT WARNING * * *
Unknown command.
Casting: Petrify
Confirm with . or Enter, or press ? or * to list all spells.
You don't have enough magic to cast that spell.
The Orb Guardian closely misses you. The Orb Guardian hits you!!!
You die...
Your body crumbles into a pile of gold.

,,,,,,,,,,,,,,** *,,,,,,,,,,,,,
*************** ▓#######*.#***#
#####......##.#####
#.............##...
#............#*#..|
#...<...(....# #...
#...)......#** ###.
#..........#######.
#(@....#.)....)....
###########.X...⌠#...########
#.....d..##...########
#.####....#..$# ###### #.#
#..#.....##########..... #.#
#..#..................[. #####.#
#..#......#########..###
......####≈§####...#...#####..###
#####....≈.§≈.....).......}......


You could see an Orb Guardian.

Vanquished Creatures
  the Royal Jelly (Slime:5)
  Dissolution (Slime:2)
  2 juggernauts
  Bai Suzhen (Elf:3)
  A curse toe (Zot:2)
  A Killer Klown (Zot:4)
  4 golden dragons
  Nikola (Elf:3)
  3 tentacled monstrosities (Zot:1)
  4 liches
  A titan (Depths:3)
  2 Orb Guardians
  A quicksilver dragon (Zot:5)
  2 deep elf blademasters (Elf:3)
  The ghost of Iwannabefree the Destroyer, an adept DsCj of Ashenzari (Shoals:3)
  A deep elf master archer (Elf:3)
  11 acid blobs
  A sphinx (Depths:1)
  Frances (D:13)
  Kirke (Lair:6)
  A kraken (Shoals:1)
  A tengu reaver (Depths:3)
  3 shadow dragons
  Donald (Elf:3)
  Polyphemus (Shoals:3)
  Agnes (Orc:2)
  6 storm dragons
  12 nagarajas
  Ilsuiw (Shoals:4)
  7 azure jellies
  2 fire giants (Depths:3)
  A draconian scorcher (Zot:4)
  5 frost giants
  A draconian knight (Zot:1)
  2 orc warlords (Orc:2)
  4 deep elf sorcerers
  2 draconian zealots
  2 ghost moths
  4 deep elf elementalists (Elf:3)
  A draconian annihilator (Zot:1)
  A draconian caller (Zot:1)
  A vampire knight (Depths:2)
  8 very ugly things
  8 stone giants
  2 black draconians
  3 deep elf demonologists
  2 purple draconians
  5 yellow draconians
  2 green draconians
  3 red draconians
  A spark wasp (Depths:2)
  3 mottled draconians
  2 white draconians (Zot:5)
  Azrael (Elf:1)
  The ghost of Amnesiac the Grappler, a journeyman TrMo of Okawaru (Lair:2)
  11 deep elf annihilators
  5 merfolk javelineers
  7 deep elf death magi (Elf:3)
  5 ettins
  3 death oozes (Slime:5)
  A minotaur (Lab)
  6 great orbs of eyes
  3 deep elf high priests (Elf:3)
  10 merfolk impalers
  2 vault guards (D:14)
  6 hydras
  4 fire dragons
  17 naga warriors
  3 spriggan air magi
  Harold (D:12)
  2 rakshasas
  4 ice dragons
  A quicksilver dragon skeleton (Depths:1)
  Fannar (D:11)
  6 merfolk avatars
  4 merfolk aquamancers
  4 centaur warriors
  2 catoblepae
  2 alligator snapping turtles (Shoals:4)
  20 anacondas
  4 ogre magi
  A queen ant (Lair:3)
  3 deep troll shamans
  A satyr (Shoals:4)
  3 vampire magi
  4 deep troll earth magi
  5 death yaks
  3 orc high priests
  5 hell knights (Depths:1)
  Urug (D:12)
  17 naga sharpshooters
  2 spriggan berserkers (Depths:5)
  2 iron trolls (Depths:1)
  A spriggan (Depths:5)
  6 shock serpents
  5 tengu warriors
  106 slime creatures
  19 deep elf knights
  A skeletal warrior (D:13)
  A storm dragon skeleton (Depths:1)
  The ghost of wazuzu the Spear-Bearer, a novice HOFi of Beogh (D:8)
  A sea snake (shapeshifter) (Elf:3)
  3 salamander mystics
  5 deep trolls
  2 unseen horrors
  2 infernal demonspawn (Depths:1)
  A flayed ghost (Depths:1)
  19 sea snakes
  14 deep elf archers
  6 glowing orange brains
  8 naga ritualists
  3 wizards
  40 harpies
  2 harpies (shapeshifter)
  3 hill giants
  9 ugly things
  8 necromancers
  8 mana vipers
  4 orc sorcerers
  2 orc knights (Orc:2)
  58 deep elf magi
  A wolf spider (D:15)
  10 salamanders
  9 fauns
  5 shining eyes
  20 manticores
  9 moths of wrath
  A frost giant zombie (Depths:1)
  7 ice statues
  5 cyclopes
  15 elephants
  2 eyes of devastation (shapeshifter)
  47 black mambas
  A stone giant skeleton (Depths:1)
  34 naga magi
  8 guardian serpents
  7 water nymphs
  2 molten gargoyles (Volcano)
  8 sirens
  A gargoyle (D:15)
  4 eyes of devastation
  15 spiny frogs
  A hellion (Depths:1)
  5 rime drakes
  22 yaktaurs
  13 komodo dragons
  A freezing wraith (Depths:1)
  A hellwing (Depths:1)
  2 komodo dragons (shapeshifter)
  23 merfolk
  7 ice devils
  A polar bear (shapeshifter) (Elf:3)
  5 trolls
  19 polar bears
  The ghost of ThereIsNoGod the Cleaver, an amateur MiGl (D:5)
  5 two-headed ogres
  3 wind drakes
  23 blink frogs
  16 hippogriffs
  16 snapping turtles
  5 dream sheep
  A stone giant simulacrum (Depths:1)
  Prince Ribbit (D:8)
  A blink frog (shapeshifter) (Depths:1)
  A meliai zombie (D:11)
  Sigmund (D:5)
  An ettin skeleton (Depths:1)
  A tarantella (shapeshifter) (D:15)
  A shadow (D:13)
  21 water elementals
  A wraith (D:15)
  6 air elementals
  2 wyverns
  A basilisk (shapeshifter) (Depths:2)
  7 fire elementals
  A fire bat (D:4)
  6 hogs
  65 yaks
  14 golden eyes
  3 basilisks
  18 humans
  5 hungry ghosts
  A steam dragon (Lair:2)
  A mottled dragon (D:15)
  10 vampire mosquitoes
  4 soldier ants (Lair:3)
  2 wargs (Orc:2)
  73 nagas
  Menkaure (D:6)
  30 water moccasins
  6 porcupines
  A floating eye (Depths:3)
  35 orc warriors
  2 black bears
  Duvessa (D:7)
  6 eyes of draining
  2 hell hounds (Elf:1)
  An ice beast (shapeshifter) (D:13)
  23 ice beasts
  4 sky beasts
  4 wasps
  4 necrophages
  2 phantoms
  27 ogres
  20 wolves
  24 centaurs
  16 crocodiles
  Blork the orc (D:6)
  2 big kobolds
  10 bullfrogs
  3 earth elementals
  A wyvern zombie (D:13)
  Dowan (D:7)
  A water moccasin zombie (D:7)
  3 scorpions
  A wyvern skeleton (D:13)
  11 killer bees
  5 wights (D:9)
  2 howler monkeys
  3 electric eels
  10 crimson imps
  4 centaur zombies
  3 quasits
  2 lava snakes (Volcano)
  2 human zombies
  2 jellies
  A bullfrog skeleton (D:8)
  Crazy Yiuf (D:4)
  4 hounds
  19 orc priests
  6 centaur skeletons
  13 iguanas
  33 orc wizards
  40 worker ants
  A killer bee zombie (D:6)
  A hound zombie (D:8)
  2 hound skeletons
  A howler monkey skeleton (D:6)
  17 adders
  43 river rats
  A shadow imp (D:13)
  12 white imps (D:12)
  An adder zombie (D:8)
  5 adder skeletons
  2 worms
  3 leopard geckos
  110 orcs
  8 bats
  2 giant cockroaches
  5 hobgoblins
  10 jackals
  7 quokkas
  4 ball pythons
  8 frilled lizards
  6 goblins
  2 jackal skeletons
  9 kobolds
  6 rats
  A fungus (Lair:6)
  A plant (Snake:2)
1951 creatures vanquished.

Vanquished Creatures (collateral kills)
  A tentacled monstrosity (Zot:2)
  A death cob (Zot:2)
  A storm dragon (Zot:2)
  A draconian knight (Zot:2)
  A draconian shifter (Zot:2)
  A draconian zealot (Zot:2)
  A draconian annihilator (Zot:2)
7 creatures vanquished.

Vanquished Creatures (others)
  34 dancing weapons
  An unseen horror (D:13)
  A deep elf archer (Elf:3)
  A deep elf mage (Elf:1)
  A naga (Snake:4)
  A human (D:9)
  3 centaurs
  A hound skeleton (D:8)
  17 fungi
  84 plants
144 creatures vanquished.

Grand Total: 2102 creatures vanquished

Notes
Turn   | Place    | Note
-------+----------+-------------------------------------------
     0 | D:1      | Amnesiac the Deep Elf Earth Elementalist began the quest for the Orb.
     0 | D:1      | Reached XP level 1. HP: 10/10 MP: 6/6
   566 | D:3      | Reached XP level 2. HP: 15/15 MP: 0/8
   642 | D:3      | Learned a level 2 spell: Passwall
   854 | D:3      | Noticed an ogre
   899 | D:4      | Noticed an ogre
   909 | D:4      | Noticed a scorpion
  1244 | D:4      | Reached XP level 3. HP: 13/19 MP: 2/10
  1262 | D:4      | Reached XP level 4. HP: 6/24 MP: 0/11
  1359 | D:4      | Learned a level 4 spell: Petrify
  1428 | D:4      | Found a staircase to the Ecumenical Temple.
  1432 | Temple   | Entered the Ecumenical Temple
  1598 | Temple   | Became a worshipper of Gozag Ym Sagoz the Greedy
  1742 | D:4      | Reached XP level 5. HP: 13/28 MP: 5/13
  2061 | D:2      | Noticed a hand axe
  2061 | D:2      | Noticed a dagger
  2062 | D:2      | Found a hide-covered altar of Uskayaw.
  2968 | D:2      | Reached skill level 5 in Spellcasting
  3253 | D:3      | Killed an ogre
  3253 | D:3      | Reached XP level 6. HP: 5/32 MP: 7/15
  3461 | D:3      | Found a shimmering altar of Xom.
  3992 | D:4      | Reached XP level 7. HP: 34/36 MP: 12/16
  4297 | D:4      | Noticed a fire bat
  4297 | D:4      | a scorpion changed into a fire bat
  4307 | D:4      | Killed a fire bat
  4580 | D:4      | Found a runed door.
  4670 | D:4      | Noticed Crazy Yiuf
  4676 | D:4      | Killed Crazy Yiuf
  4726 | D:5      | Entered Level 5 of the Dungeon
  4793 | D:5      | Reached skill level 5 in Short Blades
  4884 | D:5      | Reached XP level 8. HP: 13/41 MP: 2/17
  5106 | D:5      | Noticed Sigmund
  5213 | D:5      | Killed Sigmund
  5213 | D:5      | Reached skill level 5 in Transmutations
  5213 | D:5      | Reached skill level 5 in Earth Magic
  5793 | D:5      | Noticed ThereIsNoGod's ghost (amateur MiGl)
  5833 | D:5      | Killed ThereIsNoGod's ghost
  6593 | D:6      | Noticed Blork the orc
  6600 | D:6      | Killed Blork the orc
  6600 | D:6      | Reached XP level 9. HP: 45/45 MP: 19/22
  6612 | D:6      | Noticed Menkaure
  6620 | D:6      | Killed Menkaure
  6764 | D:6      | Found a basalt altar of Yredelemnul.
  7737 | D:7      | Noticed Dowan
  7775 | D:7      | Noticed Duvessa
  7946 | D:7      | Killed Duvessa
  7963 | D:7      | Killed Dowan
  8239 | D:7      | Learned a level 5 spell: Lee's Rapid Deconstruction
  8243 | D:7      | Learned a level 3 spell: Mephitic Cloud
  8247 | D:7      | Learned a level 3 spell: Conjure Flame
  8275 | D:8      | Noticed wazuzu's ghost (novice HOFi)
  8327 | D:8      | Noticed Prince Ribbit
  9256 | D:8      | Killed wazuzu's ghost
  9256 | D:8      | Reached skill level 10 in Spellcasting
  9592 | D:8      | Killed Prince Ribbit
  9592 | D:8      | Reached XP level 10. HP: 50/50 MP: 18/26
 10647 | D:9      | Reached skill level 10 in Earth Magic
 10845 | D:9      | Found a snail-covered altar of Cheibriados.
 10940 | D:9      | Found an ancient bone altar of Kikubaaqudgha.
 11366 | D:10     | Entered Level 10 of the Dungeon
 11386 | D:10     | Found a staircase to the Lair.
 12538 | D:11     | Noticed Fannar
 12548 | D:11     | Found a basalt altar of Yredelemnul.
 12607 | D:11     | Killed Fannar
 12607 | D:11     | Reached XP level 11. HP: 54/54 MP: 25/28
 13263 | D:11     | Reached skill level 5 in Dodging
 13454 | D:11     | Noticed a hill giant
 13464 | D:11     | Killed a hill giant
 13464 | D:11     | Reached skill level 1 in Fighting
 13668 | D:12     | Found a staircase to the Orcish Mines.
 13776 | D:12     | Noticed a hill giant
 13789 | D:12     | Killed a hill giant
 13834 | D:12     | Noticed a hill giant
 13841 | D:12     | Killed a hill giant
 13867 | D:12     | Found a frozen archway.
 14052 | IceCv    | Entered an ice cave
 14172 | IceCv    | Reached skill level 5 in Fighting
 14499 | IceCv    | Reached XP level 12. HP: 64/70 MP: 19/29
 15928 | IceCv    | Noticed a frost giant
 15929 | IceCv    | Noticed a death yak
 16179 | IceCv    | Killed a death yak
 16448 | IceCv    | Killed a frost giant
 16466 | IceCv    | Got an ancient quick blade
 16467 | IceCv    | Identified the +6 quick blade of Laceration {freeze, rElec rN+ Int+2} (You found it in an ice cave)
 16771 | D:12     | Learned a level 2 spell: Repel Missiles
 16775 | D:12     | Learned a level 2 spell: Blink
 16999 | D:12     | Noticed an ice dragon
 17026 | D:12     | Noticed an ice dragon
 17033 | D:12     | Killed an ice dragon
 17041 | D:12     | Killed an ice dragon
 17436 | D:12     | Reached XP level 13. HP: 79/79 MP: 9/30
 17608 | D:12     | Noticed Urug
 17618 | D:12     | Killed Urug
 17651 | D:12     | Noticed Harold
 17659 | D:12     | Killed Harold
 17931 | Orc:1    | Entered Level 1 of the Orcish Mines
 18186 | Orc:1    | Found a dark tunnel.
 18369 | Volcano  | Entered a volcano
 18559 | Volcano  | Found a burning altar of Makhleb.
 19403 | Orc:1    | Found a bloodstained altar of Trog.
 19588 | Orc:2    | Entered Level 2 of the Orcish Mines
 19813 | Orc:2    | Found a staircase to the Elven Halls.
 19980 | Orc:2    | Found a roughly hewn altar of Beogh.
 20055 | Orc:2    | Found Ycsigen's Antique Armour Emporium.
 20070 | Orc:2    | Bought a faintly glowing cloak for 256 gold pieces
 20070 | Orc:2    | Bought a glowing robe for 18 gold pieces
 20080 | Orc:2    | Identified the cursed +0 cloak "Tografas" {+Inv Str+4} (You bought it in a shop on level 2 of the Orcish Mines)
 20140 | Orc:2    | Found a roughly hewn altar of Beogh.
 20218 | Orc:2    | Found a roughly hewn altar of Beogh.
 20450 | Orc:2    | Found a roughly hewn altar of Beogh.
 20458 | Orc:2    | Found Imuywk's Magic Scroll Shoppe.
 20899 | Orc:2    | Noticed an orc warlord
 20927 | Orc:2    | Killed an orc warlord
 21081 | Orc:2    | Found a roughly hewn altar of Beogh.
 21082 | Orc:2    | Found Seraphal's Antique Weapon Boutique.
 21094 | Orc:2    | Found Awu Ymmo's Antique Armour Shop.
 21243 | Elf:1    | Entered Level 1 of the Elven Halls
 21243 | Elf:1    | Noticed Agnes
 21374 | Lair:1   | Entered Level 1 of the Lair of Beasts
 21375 | Lair:1   | Reached skill level 1 in Evocations
 21877 | Lair:1   | Identified a scroll of acquirement
 22183 | Lair:1   | Reached skill level 5 in Evocations
 22580 | Lair:2   | Reached skill level 10 in Fighting
 23107 | Lair:2   | Noticed Amnesiac's ghost (journeyman TrMo)
 23290 | Lair:2   | Killed Amnesiac's ghost
 23290 | Lair:2   | Reached XP level 14. HP: 41/88 MP: 14/33
 23314 | Lair:2   | Found a staircase to the Shoals.
 23382 | Lair:2   | Reached skill level 10 in Dodging
 23888 | Lair:2   | Got a distressingly furry storm dragon armour
 23903 | Lair:2   | Identified the +6 storm dragon armour "Jiyh" {rElec Str+4} (You found it on level 2 of the Lair of Beasts)
 23962 | Lair:3   | Reached skill level 10 in Stealth
 25796 | Lair:4   | Found a staircase to the Snake Pit.
 26631 | Lair:5   | Found a viscous altar of Jiyva.
 26632 | Lair:5   | Found a staircase to the Slime Pits.
 27337 | Lair:6   | Entered Level 6 of the Lair of Beasts
 27649 | Lair:6   | Noticed Kirke
 28334 | Slime:1  | Entered Level 1 of the Pits of Slime
 28469 | Lair:6   | Killed Kirke
 28469 | Lair:6   | Reached XP level 15. HP: 89/92 MP: 3/34
 29700 | Lair:6   | HP: 2/92 [komodo dragon (30)]
 29724 | Lair:6   | Reached skill level 15 in Spellcasting
 30317 | Lair:6   | Got a slimy short sword
 30322 | Lair:6   | Learned a level 1 spell: Apportation
 30324 | Lair:6   | Learned a level 1 spell: Summon Butterflies
 30331 | Lair:6   | Learned a level 6 spell: Invisibility
 30335 | Lair:6   | Learned a level 3 spell: Spectral Weapon
 30339 | Lair:6   | Learned a level 3 spell: Regeneration
 30343 | Lair:6   | Learned a level 3 spell: Dazzling Spray
 30347 | Lair:6   | Learned a level 3 spell: Tukima's Dance
 30349 | Lair:6   | Learned a level 1 spell: Infusion
 30746 | Orc:2    | Bought a potion of beneficial mutation for 455 gold pieces
 30746 | Orc:2    | Gained mutation: You are surrounded by a mild repulsion field. (EV +2) [potion of beneficial mutation]
 30749 | Orc:2    | Bought a potion of heal wounds for 65 gold pieces
 30749 | Orc:2    | Bought 2 potions of heal wounds for 130 gold pieces
 30749 | Orc:2    | Bought a potion of brilliance for 52 gold pieces
 30749 | Orc:2    | Bought a potion of degeneration for 13 gold pieces
 30759 | Orc:2    | Identified the cursed +0 short sword of Offence {flame, Str+2} (You found it on level 6 of the Lair of Beasts)
 30766 | Orc:2    | Gained mutation: You have large cloven feet. [potion of mutation]
 30766 | Orc:2    | Gained mutation: You are partially covered in molten scales. (AC +2) [potion of mutation]
 30766 | Orc:2    | Gained mutation: Your magical capacity is low. (-10% MP) [potion of mutation]
 30767 | Orc:2    | Gained mutation: You expend magic power (3 MP) to strengthen your wands. [potion of mutation]
 30767 | Orc:2    | Gained mutation: You are somewhat resistant to further mutation. [potion of mutation]
 30940 | Orc:2    | Bought a runed blowgun for 52 gold pieces
 30940 | Orc:2    | Bought a runed blowgun for 52 gold pieces
 30947 | Orc:2    | Bought an embroidered robe for 19 gold pieces
 30965 | Orc:2    | Bought a runed robe for 19 gold pieces
 31025 | Orc:2    | Killed Agnes
 31245 | Elf:1    | Reached skill level 15 in Earth Magic
 31249 | Elf:1    | Reached skill level 1 in Hexes
 31752 | Elf:1    | Noticed Azrael
 31763 | Elf:1    | Reached skill level 5 in Hexes
 31830 | Elf:1    | Killed Azrael
 32886 | Elf:1    | Reached skill level 10 in Hexes
 32896 | Elf:1    | Noticed a deep elf sorcerer
 33567 | Elf:1    | Killed a deep elf sorcerer
 33962 | Elf:1    | Reached XP level 16. HP: 78/97 MP: 21/33
 34126 | Elf:2    | Found a huge runed gate.
 34126 | Elf:2    | Found a huge runed gate.
 34128 | Elf:2    | Found a huge runed gate.
 34129 | Elf:2    | Found a huge runed gate.
 34130 | Elf:2    | Found a huge runed gate.
 34426 | Elf:2    | Got a heavily runed scale mail
 34445 | Elf:2    | Identified the +1 scale mail of Eternal Night {rF+} (You found it on level 2 of the Elven Halls)
 34517 | Elf:2    | Found Keyx's Gadget Shoppe.
 34517 | Elf:2    | Found Nuf Rank's Jewellery Boutique.
 34520 | Elf:2    | Found Ifafig's Gadget Shoppe.
 34711 | Elf:2    | Gained mutation: You are weak. (Str -2) [potion of mutation]
 34711 | Elf:2    | Lost mutation: You expend magic power (3 MP) to strengthen your wands. [potion of mutation]
 35657 | Elf:3    | Entered Level 3 of the Elven Halls
 35724 | Elf:3    | Noticed Donald
 36079 | Elf:3    | Noticed Bai Suzhen
 36093 | Elf:3    | Killed Bai Suzhen
 36507 | Elf:3    | Killed Donald
 36645 | Elf:3    | Noticed a deep elf master archer
 36654 | Elf:3    | Killed a deep elf master archer
 36719 | Elf:3    | Identified Sif Muna's Almanac of Glacial Summoning
 36724 | Elf:3    | Noticed a deep elf blademaster
 36726 | Elf:3    | Reached XP level 17. HP: 100/102 MP: 27/38
 36730 | Elf:3    | Noticed a deep elf blademaster
 36738 | Elf:3    | Killed a deep elf blademaster
 36746 | Elf:3    | Killed a deep elf blademaster
 37411 | Elf:3    | Got a glittering graven amulet
 37414 | Elf:3    | Identified the amulet of Punyenis {+Rage Int+3} (You took it off a deep elf mage on level 3 of the Elven Halls)
 37830 | Elf:3    | Noticed Nikola
 37886 | Elf:3    | Killed Nikola
 38056 | Elf:3    | Got a jewelled dagger {pierce}
 38137 | Elf:3    | Identified the +10 dagger of True Grit {pierce, +Inv rPois Str-2} (You took it off a deep elf sorcerer on level 3 of the Elven Halls)
 38402 | Elf:1    | Fell from the grace of Gozag
 38840 | Temple   | Became a worshipper of Gozag Ym Sagoz the Greedy
 39421 | D:13     | Bought a bread ration for 60 gold pieces
 39421 | D:13     | Bought a meat ration for 60 gold pieces
 39421 | D:13     | Bought a bread ration for 60 gold pieces
 39421 | D:13     | Bought a meat ration for 60 gold pieces
 39421 | D:13     | Bought a bread ration for 60 gold pieces
 39421 | D:13     | Bought a meat ration for 60 gold pieces
 39421 | D:13     | Bought a royal jelly for 24 gold pieces
 39421 | D:13     | Bought 2 fruits for 36 gold pieces
 39421 | D:13     | Bought a slice of pizza for 18 gold pieces
 39421 | D:13     | Bought a beef jerky for 18 gold pieces
 39456 | D:13     | Noticed Frances
 39528 | D:13     | Killed Frances
 39644 | D:13     | Found a labyrinth entrance.
 39656 | Lab      | Entered a labyrinth
 40101 | Lab      | Identified the Grimoire of Evil Arts and the Blaze
 40105 | Lab      | Learned a level 1 spell: Animate Skeleton
 40111 | Lab      | Learned a level 4 spell: Sticky Flame
 40844 | D:14     | Found Kudox's Assorted Antiques.
 40890 | D:14     | Bought a scroll labeled FEDATI AWUENK for 35 gold pieces
 41763 | D:14     | Found a gate to the Vaults.
 42060 | D:15     | Entered Level 15 of the Dungeon
 42281 | D:15     | Got a slimy jade ring
 42282 | D:15     | Identified the ring "Bicaply" {EV+2 Int+3} (You found it on level 15 of the Dungeon)
 42883 | D:15     | Reached XP level 18. HP: 107/112 MP: 28/39
 42897 | D:15     | Found a staircase to the Depths.
 44405 | Elf:3    | Identified the amulet of Faffuzed {Spirit *Slow rC+++ Str+2} (You took it off a deep elf mage on level 3 of the Elven Halls)
 44838 | Elf:3    | Got a pair of pitted gloves
 44846 | Elf:3    | Learned a level 3 spell: Confuse
 44846 | Elf:3    | Identified Lusoskyrr's Guide on Enchantment
 44851 | Elf:3    | Learned a level 1 spell: Confusing Touch
 44859 | Elf:3    | Learned a level 3 spell: Gell's Gravitas
 44906 | Elf:3    | Identified the cursed +0 pair of gloves "Ryfiumokk" {Slay+2 Stlth+} (You found it on level 3 of the Elven Halls)
 44914 | Elf:3    | Got a spiked cloak
 44925 | Elf:3    | Identified the cursed +0 cloak "Caqebox" {MR+} (You found it on level 3 of the Elven Halls)
 45670 | Snake:1  | Entered Level 1 of the Snake Pit
 45801 | Snake:1  | Bought the amulet "Esamocog" {Spirit rPois rF+ Stlth+} for 714 gold pieces
 45956 | Snake:1  | Bought a crude brass ring for 195 gold pieces
 45956 | Snake:1  | Identified the ring of Ciwek {*Corrode rF++ MP+9 Dex+2 Stlth+} (You bought it in a shop on level 1 of the Snake Pit)
 47705 | Snake:2  | Learned a level 2 spell: Sublimation of Blood
 47757 | Snake:2  | Learned a level 4 spell: Passage of Golubria
 47763 | Snake:2  | Learned a level 5 spell: Alistair's Intoxication
 49813 | Snake:2  | Learned a level 2 spell: Swiftness
 51084 | Snake:3  | Learned a level 6 spell: Darkness
 51246 | Snake:3  | Reached XP level 19. HP: 121/121 MP: 41/41
 52261 | Snake:3  | Reached skill level 15 in Stealth
 52582 | Snake:4  | Entered Level 4 of the Snake Pit
 52652 | Snake:4  | Bought a +2 pair of boots of running for 539 gold pieces
 52652 | Snake:4  | Bought a +0 pair of boots of flying for 149 gold pieces
 57673 | Snake:4  | Got a serpentine rune of Zot
 58178 | Shoals:1 | Entered Level 1 of the Shoals
 58479 | Shoals:1 | Reached XP level 20. HP: 127/127 MP: 37/42
 60765 | Shoals:3 | Found Gure Isi's Assorted Antiques.
 60810 | Shoals:3 | Noticed Polyphemus
 61052 | Shoals:3 | Killed Polyphemus
 61126 | Shoals:3 | Bought a sapphire ring for 155 gold pieces
 61299 | Shoals:3 | Noticed Iwannabefree's ghost (adept DsCj)
 61509 | Shoals:3 | Killed Iwannabefree's ghost
 62027 | Shoals:4 | Entered Level 4 of the Shoals
 62686 | Shoals:4 | Noticed Ilsuiw
 62763 | Shoals:4 | Killed Ilsuiw
 63930 | Shoals:4 | Got a barnacled rune of Zot
 64881 | Slime:2  | Noticed Dissolution
 64883 | Slime:2  | Killed Dissolution
 64883 | Slime:2  | Reached XP level 21. HP: 132/132 MP: 43/44
 65887 | Slime:3  | Gained mutation: You are very weak. (Str -4) [a shining eye]
 67249 | Slime:2  | Lost mutation: You are very weak. (Str -4) [a shining eye]
 68083 | Slime:5  | Entered Level 5 of the Pits of Slime
 68290 | Slime:5  | Found a viscous altar of Jiyva.
 68293 | Slime:5  | Noticed the Royal Jelly
 68297 | Slime:5  | Killed the Royal Jelly
 69568 | Slime:4  | HP: 6/131 [acid blob/splash of acid (3)]
 69568 | Slime:4  | HP: 2/131 [acid (4)]
 69589 | Slime:3  | HP: 5/131 [acid (4)]
 69601 | Slime:3  | HP: 6/131 [acid (2)]
 70047 | Slime:5  | Got a slimy rune of Zot
 70597 | Depths:1 | Entered Level 1 of the Depths
 70597 | Depths:1 | Found Ronobb's General Store.
 70613 | Depths:1 | Bought a potion of mutation for 47 gold pieces
 70613 | Depths:1 | Lost mutation: Your magical capacity is low. (-10% MP) [potion of mutation]
 70820 | Depths:1 | Bought a bread ration for 65 gold pieces
 70820 | Depths:1 | Bought a beef jerky for 19 gold pieces
 70820 | Depths:1 | Bought a royal jelly for 26 gold pieces
 70820 | Depths:1 | Bought a meat ration for 65 gold pieces
 70820 | Depths:1 | Bought a bread ration for 65 gold pieces
 70820 | Depths:1 | Bought a bread ration for 65 gold pieces
 70820 | Depths:1 | Bought 4 fruits for 78 gold pieces
 70820 | Depths:1 | Bought a bread ration for 65 gold pieces
 70820 | Depths:1 | Bought a meat ration for 65 gold pieces
 70820 | Depths:1 | Bought a royal jelly for 26 gold pieces
 70820 | Depths:1 | Bought a royal jelly for 26 gold pieces
 71611 | Depths:1 | Found a one-way gate leading to the halls of Pandemonium.
 71827 | Depths:1 | Reached XP level 22. HP: 136/137 MP: 30/52
 72355 | Depths:1 | Reached skill level 15 in Fighting
 72803 | Depths:1 | Reached skill level 1 in Armour
 73071 | Depths:1 | Found a gateway to Hell.
 73315 | Depths:2 | Gained mutation: You possess an exceptional clarity of mind. [potion of mutation]
 74069 | Depths:3 | Reached skill level 5 in Armour
 74750 | Depths:4 | Noticed a juggernaut
 74769 | Depths:4 | Killed a juggernaut
 74976 | Depths:4 | Noticed a golden dragon
 75018 | Depths:4 | Killed a golden dragon
 76106 | Depths:4 | Found a one-way gate to the infinite horrors of the Abyss.
 76215 | Depths:3 | Found a corrupted altar of Lugonu.
 76217 | Depths:3 | Gained mutation: Your mind is acute. (Int +2) [potion of mutation]
 76217 | Depths:3 | Gained mutation: You expend magic power (3 MP) to strengthen your wands. [potion of mutation]
 76260 | Depths:3 | Noticed a juggernaut
 76269 | Depths:3 | Killed a juggernaut
 76359 | Depths:3 | Reached skill level 10 in Armour
 76510 | Depths:5 | Entered Level 5 of the Depths
 76631 | Depths:5 | Noticed a golden dragon
 76634 | Depths:5 | Found a gate to the Realm of Zot.
 76635 | Depths:5 | Killed a golden dragon
 76636 | Depths:5 | Reached XP level 23. HP: 143/143 MP: 53/53
 76926 | Zot:1    | Entered Level 1 of the Realm of Zot
 77099 | Zot:2    | Noticed a curse toe
 77106 | Zot:2    | Killed a curse toe
 77545 | Zot:3    | Got a heavily runed helmet
 77548 | Zot:3    | Identified the cursed +0 helmet of the Fiend {Str+4} (You found it on level 3 of the Realm of Zot)
 77920 | Zot:5    | Entered Level 5 of the Realm of Zot
 77945 | Zot:4    | Noticed a curse toe
 78129 | Zot:3    | Noticed a curse toe
 78147 | Zot:4    | Noticed a Killer Klown
 78170 | Zot:4    | Killed a Killer Klown
 78450 | Zot:4    | Noticed a Killer Klown
 78468 | Zot:5    | Slain by an Orb Guardian

Vault maps used:
D:1:      minmay_arrival_pointy, minivault_24
D:2:      dancing_weapons_uskayaw, nrook_uturn
D:3:      corexii_shack_village, led_xom_imps
D:4:      uniq_crazy_yiuf_cottage
D:5:      first_bread, uniq_sigmund
D:6:      lemuel_doored_altar, uniq_blork_the_orc, uniq_menkaure
D:7:      uniq_duvessa
D:8:      grunt_livestock, uniq_prince_ribbit1
D:9:      cheibrodos_worm_habitat, grunt_ministairs_14,
          minmay_misc_feat_nine_boxes, tgw_kikubaaqudgha
D:10:     lair_0_dummy
D:11:     basic_altar, uniq_fannar
D:12:     minmay_ice_pillars, orc_0_dummy, portal_ice_cave_entry_imps,
          uniq_harold, uniq_urug
D:13:     lab_entry_generic, uniq_frances
D:14:     grunt_vaults_entry_tiered, minmay_misc_feat_hallway, serial_shops,
          shop, minmay_fountain_box
D:15:     grunt_enter_depths_hoard, grunt_decor_mini_mirrors,
          lemuel_flamethrower_hall
Temple:   regret_index_temple_mists
Lair:1:   serial_bayou_pond_e, serial_bayou_shore_b
Lair:2:   gammafunk_lair_bear_cave, minmay_shoals_entry_centaurs,
          eino_small_chamber_without_monster, bobbens_dragon_lair_wall,
          infiniplex_staircase_pool_2
Lair:3:   minmay_another_anthill
Lair:4:   minmay_guarded_unrand_snakebite, dummy_snake_entry
Lair:5:   slime_altar_1
Lair:6:   gammafunk_lair_ancient_temple, serial_bayou_pond_e, uniq_kirke
Shoals:3: serial_shops, nicolae_shop_overgrown_old_shop, uniq_polyphemus
Shoals:4: shoals_end_hangedman, shoal_ilsuiw
Snake:2:  serial_bayou_lake_a
Snake:3:  st_stairs_7, nicolae_snake_biting_tails
Snake:4:  grunt_snake_rune_pools, grunt_ministairs_6,
          nicolae_snake_round_shape_thing, spider_trap, grunt_megastairs_1
Slime:2:  dissolution_awaits
Orc:1:    nicolae_volcano_entry_two_sided, trog_butcher_becter
Orc:2:    grunt_orc_community_town_hall, grunt_orc_community_big_house_2,
          grunt_orc_community_big_house_1, grunt_orc_community_house_3,
          grunt_orc_community_house_1, grunt_orc_community_house_2,
          grunt_orc_community_house_1, grunt_orc_community_house_2,
          grunt_orc_community_house_2
Elf:1:    minmay_elf_arrival_circle, evilmike_minifort, uniq_azrael, uniq_agnes
Elf:2:    minmay_shop_grove
Elf:3:    minmay_elf_hall_spiked, columned_hall_lemuel, uniq_nikola,
          uniq_donald, uniq_bai_suzhen
Depths:1: serial_shops, shop_fountains, rand_demon_pan_entry_4,
          corexii_leaking_fountain, hell_entry, ice2_lemuel
Depths:2: minmay_distorted_concentric_squares, serial_bayou,
          serial_bayou_ford_a, serial_bayou_pond_e, serial_bayou_pond_c,
          serial_bayou_pond_c, serial_bayou_lagoon_a, serial_bayou_pond_d,
          pf_hell_entry_tar_river, solitary_fountain, uniq_sojobo
Depths:3: thingy_vault, enter_ziggurat_f, abyss_entry_flame_altar,
          grunt_pan_entry_spiral, dk_noncrumbling_3, hangedman_coc_ice_floe,
          infiniplex_staircase_zigzag_4
Depths:4: kennysheep_scales, abyss_entry, lightli_too_deep,
          kennysheep_random_hallway
Depths:5: evilmike_zot_entry_argh, grunt_pan_entry_in_and_out,
          hangedman_abyss_or_decor_passed, hangedman_abyss_entry_splay,
          hell_entry, basic_stair_grate_trap
Zot:1:    lemuel_baited_zot_trap
Zot:2:    grunt_ministairs_5, grunt_megastairs_4
Zot:3:    kennysheep_six_static_rooms, st_stairs_5, bh_zot_ikea_curve,
          evilmike_ambush
Zot:5:    bh_zot_lava_cross
Lab:      labyrinth_spiral, nicolae_lab_garden, nicolae_lab_very_dead_end,
          nicolae_lab_plus, nicolae_lab_lava, nicolae_lab_grate_2,
          labyrinth_skeletal_remains, nicolae_lab_hexagon, nicolae_lab_stuck,
          lab_statue, lab_hedge, labyrinth_fake_exit
IceCv:    ice_cave_caverns_01
Volcano:  volcano_lake

Skill      XL: |  1  2  3  4  5  6  7  8  9 10 11 12 13 14 15 16 17 18 19 20 21 22 23 |
---------------+----------------------------------------------------------------------+-----
Earth Magic    | 4 5 7 11 12 13 14 15 | 15.0
Transmutations | 2 3 4 6 7 8 |  8.0
Spellcasting   | 4 5 7 10 11 13 15 19 21 22 24 | 24.0
Short Blades   | 2 4 6 7 8 |  8.0
Stealth        | 4 6 8 14 19 22 24 | 24.0
Dodging        | 5 9 10 14 | 14.0
Fighting       | 6 8 10 12 14 15 | 15.1
Evocations     | 5 |  5.0
Hexes          | 11 | 11.0
Shields        | 4 |  4.1
Armour         | 10 13 | 13.8

Action                   |  1- 3 |  4- 6 |  7- 9 | 10-12 | 13-15 | 16-18 | 19-21 | 22-24 || total
-------------------------+-------+-------+-------+-------+-------+-------+-------+-------++-------
Melee: Dagger            |     7 |       |   274 |   533 |       |     6 |       |       ||   820
       Quick blade       |       |       |       |   123 |  1835 |  2181 |  2577 |   692 ||  7408
       Kick              |       |       |       |       |    56 |   627 |    54 |       ||   737
       Rapier            |       |       |       |       |       |    10 |       |       ||    10
       Unarmed           |       |       |       |       |       |     2 |     4 |       ||     6
       Staff             |       |       |       |       |       |       |     7 |       ||     7
Throw: Throwing net      |       |       |       |       |       |     4 |     8 |       ||    12
 Cast: Sandblast         |    32 |    93 |    13 |    26 |       |       |       |       ||   164
       Passwall          |     7 |       |    15 |    40 |    55 |    32 |    39 |    49 ||   237
       Petrify           |       |       |    56 |   129 |   179 |   204 |   432 |   243 ||  1243
       Lee's Rapid Decon |       |       |     2 |    23 |    69 |   109 |    38 |    22 ||   263
       Blink             |       |       |       |     1 |    13 |     2 |    17 |       ||    33
       Repel Missiles    |       |       |       |     1 |     1 |     9 |     9 |     1 ||    21
       Invisibility      |       |       |       |       |     3 |    13 |    16 |     4 ||    36
       Regeneration      |       |       |       |       |       |     2 |    31 |     3 ||    36
       Passage of Golubr |       |       |       |       |       |     1 |    21 |    18 ||    40
       Confuse           |       |       |       |       |       |     1 |     5 |     1 ||     7
       Confusing Touch   |       |       |       |       |       |     1 |     1 |     1 ||     3
       Sublimation of Bl |       |       |       |       |       |       |     6 |     4 ||    10
       Alistair's Intoxi |       |       |       |       |       |       |     1 |       ||     1
       Apportation       |       |       |       |       |       |       |     5 |     2 ||     7
       Infusion          |       |       |       |       |       |       |       |     1 ||     1
       Spectral Weapon   |       |       |       |       |       |       |       |     1 ||     1
Invok: Potion Petition   |       |       |       |     1 |       |       |       |       ||     1
       Call Merchant     |       |       |       |       |     3 |     4 |     2 |       ||     9
       Renounce Religion |       |       |       |       |       |     1 |       |       ||     1
 Abil: Evoke Invisibilit |       |       |       |       |    14 |       |       |       ||    14
       Turn Visible      |       |       |       |       |     6 |       |       |       ||     6
Evoke: Wand              |       |       |     2 |       |       |     2 |       |     2 ||     6
  Use: Scroll            |       |       |     2 |     5 |    33 |    21 |    10 |     8 ||    79
       Potion            |       |       |       |       |    11 |     6 |    11 |     5 ||    33
 Stab: Sleeping          |     6 |       |    18 |    30 |    88 |    67 |   135 |    72 ||   416
       Petrified         |       |       |    33 |   107 |    83 |    66 |   105 |    46 ||   440
       Petrifying        |       |       |     5 |    61 |    90 |   116 |   241 |   106 ||   619
       Distracted        |       |       |     4 |     6 |    10 |    11 |    12 |     6 ||    49
       Paralysed         |       |       |     3 |       |       |       |       |       ||     3
       Confused          |       |       |     1 |       |       |     4 |     1 |     1 ||     7
       Invisible         |       |       |       |       |    49 |    74 |    77 |    11 ||   211
       Held in net/web   |       |       |       |       |       |     4 |    15 |       ||    19
  Eat: Chunk             |       |     2 |       |       |       |     4 |       |       ||     6
       Fruit             |       |     8 |       |       |     6 |     8 |     7 |       ||    29
       Pizza             |       |     1 |       |     7 |     1 |     1 |     1 |     1 ||    12
       Bread ration      |       |       |     5 |     2 |     5 |     3 |     5 |       ||    20
       Beef jerky        |       |       |     1 |     3 |     1 |     1 |     3 |       ||     9
       Meat ration       |       |       |       |     1 |     7 |     6 |     7 |     2 ||    23
       Royal jelly       |       |       |       |     1 |       |     2 |     1 |     3 ||     7
Armor: Robe              |     8 |     5 |    60 |    93 |   116 |    92 |   151 |    40 ||   565
       Skin              |       |       |       |       |     3 |       |       |       ||     3
Dodge: Dodged            |    16 |    17 |   126 |   257 |   737 |   899 |  1189 |   354 ||  3595
       Deflected         |       |       |       |     1 |     8 |    39 |    54 |    11 ||   113
Block: Buckler           |       |       |       |       |       |   254 |   473 |   151 ||   878
       Reflection        |       |       |       |       |       |     8 |       |       ||     8
